 Dungeon Crawl Stone Soup version 0.23.2-1-ga50397a (webtiles) character file.

Game seed: 10041592581181581846

9496 goulibeur the Basher (level 11, -2/97 HPs)
             Began as a Green Draconian Berserker on May 24, 2019.
             Was a High Priest of Trog.
             Slain by a wolf (8 damage)
             ... on level 1 of the Lair of Beasts.
             The game lasted 00:50:09 (13972 turns).

goulibeur the Basher (Green Draconian Berserker)   Turns: 13972, Time: 00:50:10

Health: -2/97      AC:  8    Str: 23    XL:     11   Next: 23%
Magic:  11/11      EV: 12    Int:  9    God:    Trog [*****.]
Gold:   487        SH: 17    Dex: 13    Spells: 10/10 levels left

rFire    . . .     SeeInvis .   A - +1 whip (freeze)
rCold    . . .     Gourm    .   v - +1 large shield
rNeg     . . .     Faith    .   (armour unavailable)
rPois    +         Spirit   .   (helmet restricted)
rElec    .         Reflect  .   J - +0 cloak
rCorr    .         Harm     .   (no gloves)
MR       .....                  (no boots)
Stlth    +.........             (no amulet)
HPRegen  0.26/turn              n - +4 ring of strength
MPRegen  0.12/turn              (no ring)

@: berserk cooldown, slowed, very slow
A: breathe noxious fumes, unfitting armour, poison resistance, cold-blooded, AC
+7
a: Breathe Noxious Fumes, Berserk, Trog's Hand, Brothers in Arms, Renounce
Religion


You were on level 1 of the Lair of Beasts.
You worshipped Trog.
Trog was extremely pleased with you.
You were not hungry.

You visited 2 branches of the dungeon, and saw 11 of its levels.
You also visited: Sewer and Ossuary.

You collected 684 gold pieces.
You spent 197 gold pieces at shops.

Inventory:

Hand Weapons
 a - a +0 mace
 A - a +1 whip of freezing (weapon)
 B - a +4 scimitar of flaming
 E - a +0 flail
 O - the +7 mace of Variability {chain chaos}
   (You found it on level 10 of the Dungeon)

   Each time it hits an enemy it has a different, random effect.
Missiles
 F - 8 needles of frenzy
 H - 2 javelins of returning
 L - 4 poisoned javelins (quivered)
Armour
 l - a +0 buckler
 v - a +1 large shield (worn)
 J - a +0 cloak (worn)
Jewellery
 h - an uncursed amulet of harm
 k - an uncursed ring of flight {unknown}
 n - a +4 ring of strength (left hand)
 y - an uncursed amulet of harm
 M - an uncursed ring of protection from magic {unknown}
 Q - an uncursed ring of resist corrosion
Wands
 s - a wand of paralysis (13)
 z - a wand of flame (35)
 N - a wand of clouds (6)
Scrolls
 c - a scroll of enchant weapon
 e - 3 scrolls of random uselessness
 f - a scroll of identify
 o - 3 scrolls of remove curse {unknown}
 p - 2 scrolls of fear
 t - 4 scrolls of enchant armour
 w - 2 scrolls of fog {unknown}
 x - 2 scrolls of amnesia
 D - 3 scrolls of teleportation
 G - 3 scrolls of noise {unknown}
Potions
 d - 4 potions of curing
 g - 3 potions of degeneration
 i - 2 potions of heal wounds
 j - a potion of flight {unknown}
 m - 5 potions of invisibility
 q - 4 potions of agility
 r - a potion of resistance
 u - a potion of might
 C - 3 potions of lignification
 I - 3 potions of haste {unknown}
 K - 2 potions of mutation {unknown}
Comestibles
 b - 21 rations
 P - 5 chunks of flesh


   Skills:
 * Level 9.5 Fighting
 * Level 9.9 Maces & Flails
 + Level 6.4 Throwing
 + Level 7.0 Dodging
 + Level 7.6 Shields


You had 10 spell levels left.
You didn't know any spells.
Your spell library was empty.

Dungeon Overview and Level Annotations

Branches:
Dungeon (10/15)            Temple (0/1) D:6            Lair (1/6) D:9
    Orc: D:9-12

Altars:
Ashenzari
Cheibriados
Dithmenos
Elyvilon
Fedhas
Gozag
Nemelex Xobeh
Qazlal
Sif Muna
Trog
Uskayaw
Xom
The Shining One

Shops:
D:8 (*

Annotations:
D:8 2 transporters, MalarOregon's ghost, novice MfGl


Innate Abilities, Weirdness & Mutations

You can breathe blasts of noxious fumes.
Your lurid green scales are hard. (AC +7)
You cannot fit into any form of body armour.
Your system is resistant to poisons. (rPois)
You are cold-blooded and may be slowed by cold attacks.


Message History

The eight-headed hydra bites you!
* * * LOW HITPOINT WARNING * * *
The eight-headed hydra barely misses you.
The eight-headed hydra bites you but does no damage.
The eight-headed hydra bites you.
* * * LOW HITPOINT WARNING * * *
You block the eight-headed hydra's attack.
You are too berserk!
You block the wolf's attack.
You feel a strong urge to attack something.
You are no longer berserk.
You are exhausted.
You feel yourself slow down. You block the wolf's attack. The wolf bites you.
* * * LOW HITPOINT WARNING * * *
You block the wolf's attack. x2
As you read the scroll of identify, it crumbles to dust.
Q - an uncursed ring of resist corrosion You block the wolf's attack.
The wolf bites you!
You die...

..........................
..........................
...................#.##.##
........###...##...#######
##......#..........# #####
#.....D#......#...# #....
+.....h...........# #....
........hh.....#...###...[
.+.......@.....#...##.....
#......#......#...P######
#......##.#####...## ####
...................####..#
..........................
###..#.############.##..#
### #######


You could see an eight-headed hydra and 3 wolves.

Vanquished Creatures
  Harold (D:7)
  Erica (D:8)
  A two-headed ogre (D:9)
  Pikel (D:5)
  Joseph (D:8)
  5 hippogriffs
  Sigmund (D:6)
  A spriggan (D:7)
  Eustachio (D:5)
  2 chaos spawn (D:10)
  4 hungry ghosts
  A soldier ant (D:7)
  2 porcupines (D:9)
  A water moccasin (D:9)
  An orc warrior (D:6)
  Duvessa (D:5)
  3 black bears
  An ice beast (D:7)
  4 wolves (Lair:1)
  2 ogres
  6 centaurs
  4 crocodiles
  An elf zombie (D:8)
  6 bullfrogs
  3 elf skeletons (D:8)
  Dowan (D:5)
  A scorpion (D:5)
  3 wights (D:8)
  3 howler monkeys (D:7)
  7 crimson imps
  A bullfrog zombie (D:10)
  A quasit (D:7)
  2 jellies
  3 orc priests
  2 hounds
  3 centaur zombies
  4 human zombies (Ossuary)
  4 orc wizards
  A centaur skeleton (D:6)
  2 iguanas
  6 worker ants
  2 big kobold zombies (Ossuary)
  A hound zombie (Ossuary)
  2 hound skeletons
  3 mummies (Ossuary)
  A worker ant zombie (D:7)
  10 gnolls
  8 adders
  A river rat (D:4)
  A shadow imp (D:6)
  2 oozes
  3 adder zombies
  2 adder skeletons
  3 worms
  2 dart slugs (D:2)
  9 leopard geckos
  21 orcs
  2 giant cockroaches (D:2)
  3 gnoll zombies (Ossuary)
  10 goblins
  8 hobgoblins
  8 jackals
  A quokka (D:7)
  3 ball pythons
  7 bats
  5 frilled lizards
  2 goblin zombies (Ossuary)
  5 hobgoblin zombies (Ossuary)
  A jackal skeleton (D:4)
  6 jackal zombies (Ossuary)
  11 kobolds
  A kobold zombie (Ossuary)
  A leopard gecko zombie (D:6)
  An orc skeleton (D:8)
  2 orc zombies
  4 quokka zombies
  19 rats
  6 rat zombies (Ossuary)
276 creatures vanquished.

Vanquished Creatures (others)
  Menkaure (D:5)
  A slave (D:5)
  2 leopard geckos (D:5)
  An orc (D:5)
  A fungus (D:9)
  2 plants (D:9)
8 creatures vanquished.

Grand Total: 284 creatures vanquished

Notes
Turn   | Place    | Note
-------+----------+-------------------------------------------
     0 | D:1      | goulibeur the Draconian Berserker began the quest for the
                  | Orb.
     0 | D:1      | Reached XP level 1. HP: 19/19 MP: 1/1
     6 | D:1      | Noticed a hound
     6 | D:1      | Noticed a swamp worm
     7 | D:1      | Noticed an iguana
     7 | D:1      | Noticed a rime drake
   254 | D:1      | Reached XP level 2. HP: 25/26 MP: 2/2
   872 | D:1      | Reached skill level 1 in Throwing
  1059 | D:1      | Reached XP level 3. HP: 31/31 MP: 3/3
  1245 | D:1      | Reached ** piety under Trog
  1561 | D:2      | Reached XP level 4. HP: 35/40 MP: 4/4
  2483 | D:2      | Found an opulent altar of Gozag.
  2483 | D:2      | Found a sparkling altar of Nemelex Xobeh.
  2957 | D:3      | Found a shimmering altar of Xom.
  2977 | D:3      | Reached XP level 5. HP: 44/46 MP: 5/5
  3396 | D:3      | Reached *** piety under Trog
  3567 | D:4      | Found a glowing drain.
  3588 | Sewer    | Entered a sewer
  3631 | Sewer    | Reached XP level 6. HP: 48/53 MP: 6/6
  4050 | D:4      | Reached skill level 5 in Fighting
  4231 | D:4      | Your scales start taking on a lurid green colour.
  4231 | D:4      | Reached XP level 7. HP: 48/61 MP: 7/7
  4231 | D:4      | Gained mutation: Your system is resistant to poisons.
                  | (rPois) [Green Draconian growth]
  4431 | D:4      | Reached skill level 1 in Shields
  5090 | D:5      | Entered Level 5 of the Dungeon
  5090 | D:5      | Noticed Dowan
  5096 | D:5      | Killed Dowan
  5393 | D:5      | Reached skill level 5 in Maces & Flails
  5401 | D:5      | Received a gift from Trog
  5419 | D:5      | Noticed Duvessa
  5433 | D:5      | Killed Duvessa
  5653 | D:5      | Noticed Pikel
  5669 | D:5      | Killed Pikel
  5669 | D:5      | Reached XP level 8. HP: 54/70 MP: 8/8
  5937 | D:5      | Noticed Eustachio
  5989 | D:5      | Killed Eustachio
  6166 | D:5      | Killed Menkaure
  6395 | D:5      | Found a stormy altar of Qazlal.
  6407 | D:5      | Found a blossoming altar of Fedhas.
  6562 | D:6      | Reached skill level 5 in Dodging
  6612 | D:6      | Noticed Sigmund
  6622 | D:6      | Killed Sigmund
  6729 | D:6      | Found a staircase to the Ecumenical Temple.
  6757 | D:6      | Reached **** piety under Trog
  6772 | D:6      | Received a gift from Trog
  6954 | D:6      | Reached XP level 9. HP: 73/78 MP: 9/9
  7220 | D:6      | Found a bloodstained altar of Trog.
  7223 | D:6      | Found a shattered altar of Ashenzari.
  7224 | D:6      | Found a hide-covered altar of Uskayaw.
  7225 | D:6      | Found a glowing golden altar of the Shining One.
  7227 | D:6      | Found a snail-covered altar of Cheibriados.
  7228 | D:6      | Found a deep blue altar of Sif Muna.
  7230 | D:6      | Found a white marble altar of Elyvilon.
  7634 | D:7      | Reached skill level 5 in Shields
  8520 | D:7      | Noticed Harold
  8532 | D:7      | Killed Harold
  8532 | D:7      | Reached skill level 5 in Throwing
  8610 | D:7      | Found a deep blue altar of Sif Muna.
  8748 | D:7      | Received a gift from Trog
  8768 | D:7      | Reached XP level 10. HP: 86/86 MP: 10/10
  8970 | D:8      | Found a transporter.
  9022 | D:8      | Noticed Joseph
  9060 | D:8      | Killed Joseph
  9361 | D:8      | Found a sand-covered staircase.
  9375 | Ossuary  | Entered an ossuary
  9718 | Ossuary  | Reached ***** piety under Trog
  9847 | D:8      | Found Plog's Antique Weapon Shoppe.
  9852 | D:8      | Noticed MalarOregon's ghost (novice MfGl)
  9866 | D:8      | Found Ocvybed's General Store.
  9874 | D:8      | Bought a scroll of enchant armour for 82 gold pieces
  9874 | D:8      | Bought a scroll of teleportation for 33 gold pieces
  9874 | D:8      | Bought a scroll of enchant armour for 82 gold pieces
  9881 | D:8      | Found a transporter.
 10137 | D:8      | Found a shadowy altar of Dithmenos.
 10230 | D:8      | Noticed Erica
 10247 | D:8      | Killed Erica
 11276 | D:9      | Found a staircase to the Lair.
 11910 | D:9      | Noticed a two-headed ogre
 11915 | D:9      | Killed a two-headed ogre
 11915 | D:9      | Reached XP level 11. HP: 84/97 MP: 11/11
 12481 | D:10     | Entered Level 10 of the Dungeon
 12603 | D:10     | Found the +7 mace of Variability {chain chaos}
 12740 | D:10     | Found a shimmering altar of Xom.
 13357 | Lair:1   | Entered Level 1 of the Lair of Beasts
 13951 | Lair:1   | Noticed an eight-headed hydra
 13972 | Lair:1   | Slain by a wolf

Skill      XL: |  1  2  3  4  5  6  7  8  9 10 11 |
---------------+----------------------------------+-----
Dodging        | 3 4 5 6 7 |  7.0
Throwing       | 1 2 3 4 5 6 |  6.4
Fighting       | 4 5 6 7 9 |  9.5
Maces & Flails | 4 5 6 8 9 |  9.9
Shields        | 3 4 6 7 |  7.6

Action                   |  1- 3 |  4- 6 |  7- 9 | 10-12 || total
-------------------------+-------+-------+-------+-------++-------
Melee: Mace              |   133 |   290 |   114 |       ||   537
       Tailslap          |    16 |    43 |    74 |   119 ||   252
       Whip              |       |       |   347 |   662 ||  1009
       Flail             |       |       |     5 |       ||     5
Throw: Javelin           |       |       |     4 |     8 ||    12
Invok: Berserk           |       |     2 |    11 |     6 ||    19
 Abil: Breathe Noxious F |       |       |       |     1 ||     1
Evoke: Wand              |       |       |       |     1 ||     1
  Use: Scroll            |       |       |       |    16 ||    16
 Stab: Sleeping          |       |     2 |     1 |     2 ||     5
       Invisible         |       |     1 |       |       ||     1
  Eat: Chunk             |     2 |    11 |    20 |    18 ||    51
       Ration            |       |       |     1 |     5 ||     6
Armor: Skin              |    57 |    80 |   106 |    77 ||   320
Dodge: Dodged            |   118 |   206 |   184 |   146 ||   654
Block: Buckler           |       |    34 |     8 |       ||    42
       Large shield      |       |       |   306 |   453 ||   759
